 Dungeon Crawl Stone Soup version 0.31-a0-925-g0a390f2509 (webtiles) character file.

Game seed: 18223954475501305871

1073 CowFu the Trooper (level 8, 0/70 HPs)
             Began as a Minotaur Fighter on Oct 18, 2023.
             Slain by a bullfrog (4 damage)
             ... on level 5 of the Dungeon.
             The game lasted 00:05:43 (4079 turns).

CowFu the Trooper (Minotaur Fighter)                Turns: 4079, Time: 00:05:44

Health: 0/70       AC:  7    Str: 24    XL:     8   Next: 7%
Magic:  7/7        EV: 13    Int:  5    God:
Gold:   23         SH:  0    Dex:  9    Spells: 7/7 levels left

rFire   . . .        r - +4 quarterstaff "Impslayer" {freeze, Will+}
rCold   . . .        (shield currently unavailable)
rNeg    . . .        y - +0 steam dragon scales
rPois   .            (helmet restricted)
rElec   .            (no cloak)
rCorr   .            (no gloves)
SInv    .            s - +0 pair of boots
Will    +....        (no amulet)
Stlth   +            (no ring)
HPRegen 0.31/turn    (no ring)
MPRegen 0.10/turn

%: no passive effects
@: no status effects
A: horns 2, retaliatory headbutt
a: no special abilities


You were on level 5 of the Dungeon.
You visited 1 branch of the dungeon, and saw 5 of its levels.
You also visited: Sewer.

You collected 170 gold pieces.
You spent 147 gold pieces at shops.

Inventory:

Hand Weapons
 a - a +1 trident
 r - the +4 quarterstaff "Impslayer" (weapon) {freeze, Will+}
   (You took it off a hobgoblin on level 3 of the Dungeon)

   Will+:     It increases your willpower.
Missiles
 h - 2 throwing nets
 t - 5 silver javelins
 u - 2 boomerangs (quivered)
 v - 5 atropa-tipped darts
Armour
 l - a +0 kite shield
 s - a +0 pair of boots (worn)
 y - +0 steam dragon scales (worn)
Jewellery
 b - an amulet of regeneration
 A - a ring of flight
Wands
 B - a wand of flame (26)
 C - a wand of quicksilver (18)
Scrolls
 c - a scroll of amnesia
 k - a scroll of identify
 m - a scroll of noise
 n - a scroll of enchant weapon
 z - 2 scrolls of blinking
 D - 3 scrolls of teleportation
Potions
 d - 2 potions of might
 e - a potion of degeneration {unknown}
 f - a potion of magic {unknown}
 g - 2 potions of resistance
 i - a potion of mutation {unknown}
 j - a potion of haste {unknown}
 o - 2 potions of curing
 p - 2 potions of enlightenment
 q - a potion of heal wounds
 w - a potion of lignification {unknown}
 x - 2 potions of cancellation {unknown}


   Skills:
 - Level 6.0 Fighting
 + Level 4.4 Polearms
 - Level 6.0 Armour
 - Level 6.0 Dodging
 - Level 6.0 Shields


You had 7 spell levels left.
You didn't know any spells.
Your spell library contained the following spells:

 Spells                   Type           Power      Damage    Failure   Level
 Sting                    Tmut/Pois      0%         1d3       47%         1
 Summon Small Mammal      Summ           0%         N/A       47%         1
 Ensorcelled Hibernation  Hex/Ice        0%         N/A       63%         2
 Jinxbite                 Hex            0%         N/A       63%         2
 Poisonous Vapours        Pois/Air       0%         N/A       63%         2
 Call Canine Familiar     Summ           0%         N/A       85%         3
 Summon Guardian Golem    Hex/Summ       0%         N/A       85%         3
 Anguish                  Hex/Necr       0%         N/A       99%         4
 Olgreb's Toxic Radiance  Pois           0%         N/A       99%         4


Dungeon Overview and Level Annotations

Branches:
Dungeon (5/15)              Sewer (visited)
 Temple: D:4-7

Altars:
Elyvilon
Gozag
Zin

Shops:
D:1 !   D:5 ?


Innate Abilities, Weirdness & Mutations

You have a pair of horns on your head.
You reflexively headbutt those who attack you in melee.


Message History

You are too injured to fight recklessly!
You are too injured to fight recklessly!
You are too injured to fight recklessly!
You are too injured to fight recklessly!
You are too injured to fight recklessly!
You are too injured to fight recklessly!
You sock the orc priest! You freeze the orc priest.
The orc priest is almost dead.
The bullfrog hits you but does no damage.
The bullfrog barely misses you. The orc hits you but does no damage.
The orc priest barely misses you.
You closely miss the orc priest.
The orc priest is almost dead.
The bullfrog barely misses you. The orc barely misses you.
You furiously retaliate!
You headbutt the orc, but do no damage.
The orc priest calls down the wrath of Beogh upon you.
Beogh smites you!
* * * LOW HITPOINT WARNING * * *
The bullfrog hits you.
* * * LOW HITPOINT WARNING * * *
You closely miss the orc priest.
You headbutt the orc priest, but do no damage.
The orc priest is almost dead.
The bullfrog closely misses you. The orc hits you with a +0 club.
* * * LOW HITPOINT WARNING * * *
The orc priest looks satisfied for a moment.
You barely miss the orc priest.
The orc priest is almost dead.
The bullfrog hits you but does no damage.
The orc priest barely misses you. The orc barely misses you.
You furiously retaliate!
You headbutt the orc!
You kill the orc!
The bullfrog hits you but does no damage.
You closely miss the orc priest.
The orc priest is almost dead.
The bullfrog hits you.
* * * LOW HITPOINT WARNING * * *
The orc priest hits you but does no damage.
The bullfrog hits you.
You die...

###..## #.....##
##......# ###
#.......##
#.####........#
##.##.........#
#.##.........# .
##.#.........####....
#...........@F......
##..........o)......
#.........###......
#..(......# ......
#.........#.. .....
#...........# .....
##....)....# ....
##.......## ....
###..#....##


You could see a bullfrog and an orc priest.

Vanquished Creatures
  Eustachio (D:4)
  A steam dragon (D:4)
  2 kobold brigands (Sewer)
  The ghost of Sirjeffry24 the Covered, a weakling AtFi (D:3)
  2 jellies
  3 orc priests (D:5)
  Natasha (thrice) (D:3)
  Ijyb (D:4)
  Terence (D:3)
  2 iguanas
  2 orc wizards (D:5)
  3 gnolls (D:5)
  3 river rats
  6 adders
  12 worms
  2 dart slugs
  2 orcs (D:5)
  3 ball pythons
  7 endoplasms
  2 giant cockroaches (D:1)
  10 hobgoblins
  8 jackals
  15 kobolds
  5 quokkas
  6 bats
  2 frilled lizards
  5 goblins
  11 rats
121 creatures vanquished.

Notes
Turn   | Place    | Note
-------+----------+-------------------------------------------
     0 | D:1      | CowFu the Minotaur Fighter began the quest for the Orb.
     0 | D:1      | Reached XP level 1. HP: 19/19 MP: 0/0
    43 | D:1      | Found Nuqoz's Distillery.
    75 | D:1      | Reached XP level 2. HP: 27/27 MP: 1/1
   303 | D:1      | Reached skill level 1 in Dodging
   557 | D:2      | Reached XP level 3. HP: 30/33 MP: 2/2
  1337 | D:3      | Reached XP level 4. HP: 40/40 MP: 3/3
  1441 | D:3      | Noticed Sirjeffry24's ghost (weakling AtFi)
  1471 | D:3      | Noticed Natasha
  1479 | D:3      | Killed Natasha
  1532 | D:3      | Identified the +4 quarterstaff "Impslayer" {freeze, Will+}
  1535 | D:3      | Found a runed translucent gate.
  1543 | D:3      | Found a runed translucent gate.
  1544 | D:3      | Found a runed translucent gate.
  1617 | D:3      | Noticed Natasha
  1621 | D:3      | Killed Natasha
  1713 | D:3      | Found a white marble altar of Elyvilon.
  1940 | D:3      | Noticed Natasha
  1945 | D:3      | Killed Natasha
  1946 | D:3      | Reached XP level 5. HP: 47/47 MP: 4/4
  2044 | D:3      | Noticed Terence
  2049 | D:3      | Killed Terence
  2362 | D:3      | Killed Sirjeffry24's ghost
  2363 | D:3      | Reached skill level 5 in Fighting
  2472 | D:4      | Reached skill level 5 in Shields
  2485 | D:4      | Reached XP level 6. HP: 49/56 MP: 5/5
  2487 | D:4      | Reached skill level 5 in Armour
  2548 | D:4      | Found a glowing drain.
  2556 | Sewer    | Entered a sewer
  2765 | Sewer    | Found a white marble altar of Elyvilon.
  2827 | D:4      | Noticed a steam dragon
  2838 | D:4      | Killed a steam dragon
  2839 | D:4      | Reached XP level 7. HP: 26/62 MP: 6/6
  3136 | D:4      | Found an opulent altar of Gozag.
  3243 | D:4      | Noticed Ijyb
  3256 | D:4      | Killed Ijyb
  3532 | D:4      | Noticed Eustachio
  3546 | D:4      | Killed Eustachio
  3547 | D:4      | Reached skill level 5 in Dodging
  3754 | D:5      | Entered Level 5 of the Dungeon
  3840 | D:5      | Found a glowing silver altar of Zin.
  3862 | D:5      | Found Ecveh's Magic Scroll Shoppe.
  3870 | D:5      | Bought a scroll of teleportation for 42 gold pieces
  3870 | D:5      | Bought a scroll of blinking for 105 gold pieces
  4068 | D:5      | Reached XP level 8. HP: 54/70 MP: 7/7
  4079 | D:5      | Slain by a bullfrog

Illustrated notes

Levels and vault maps discovered:
D:1:      shiori_arrival_maze, layout_basic, serial_shops,
          nicolae_shop_rolling_square, chequers_serial_rivers_micro_c
D:2:      layout_basic, minmay_misc_feat_x, nicolae_figureground_pulse
D:3:      layout_basic, marbit_many_paths, gammafunk_ghost_split, minivault_24,
          amcnicky_mini_corridor_feature, uniq_terence, uniq_natasha
D:4:      layout_loops_cross, nicolae_gozag_cash_rules_everything_around_me,
          lightli_sewer_entry_pipes, uniq_ijyb, uniq_eustachio
D:5:      layout_cave_pods, mainiacjoe_overflow_cross_hatched,
          nicolae_stop_n_shop_1

Skill      XL: |  1  2  3  4  5  6  7  8 |
---------------+-------------------------+-----
Dodging        | 1 2 3 6 |  6.0
Shields        | 4 5 6 |  6.0
Fighting       | 4 5 6 |  6.0
Armour         | 4 5 6 |  6.0
Polearms       | 3 4 |  4.4

Action                     |  1- 3 |  4- 6 |  7- 9 || total
---------------------------+-------+-------+-------++-------
  Melee: Trident           |   103 |    21 |       ||   124
         Headbutt          |     7 |    17 |    12 ||    36
         Quarterstaff      |       |   117 |    67 ||   184
    Use: Scroll            |     2 |     5 |     3 ||    10
 Armour: Scale mail        |    47 |    91 |       ||   138
         Steam dragon scal |       |       |    57 ||    57
  Dodge: Dodged            |    34 |    55 |    44 ||   133
  Block: Buckler           |    11 |       |       ||    11
         Kite shield       |     7 |     5 |       ||    12

Table legend: (Time is in decaauts)
 A = Elapsed time spent in this place.
 B = Non-inter-level travel time spent in this place.
 C = Inter-level travel time spent in this place.
 D = Time resting spent in this place.
 E = Time spent auto-exploring this place.
 F = Levels seen in this place.
 G = Mean time per level.
                   A        B        C        D        E       F      G
               +--------+--------+--------+--------+--------+-----+--------+
         Total |   4206 |   3982 |    224 |      0 |   3118 |   6 |  701.0 |
       Dungeon |   3928 |   3704 |    224 |      0 |   2895 |   5 |  785.6 |
         Sewer |    277 |    277 |      0 |      0 |    222 |   1 |  277.0 |
               +--------+--------+--------+--------+--------+-----+--------+

Top non-repeatable levels by time:
     D:3: 1160 daAuts
     D:4: 1097 daAuts
     D:2: 784 daAuts
     D:1: 553 daAuts
     D:5: 331 daAuts
   Sewer: 277 daAuts
